 Dungeon Crawl Stone Soup version 0.32-a0-306-gfed3edf829 (webtiles) character file.

Game seed: 4810756058583424871

2198 Bravepunisher the Demolition Spriggan (level 9, -4/45 HPs)
             Began as a Spriggan Monk on Feb 15, 2024.
             Was an Elder of Makhleb.
             Engulfed by a cloud of freezing vapour (20 damage)
             ... on level 6 of the Dungeon.
             The game lasted 00:16:14 (4309 turns).

Bravepunisher the Demolition Spriggan (SpMo)        Turns: 4309, Time: 00:16:15

Health: -4/45      AC:  4    Str:  7    XL:     9   Next: 12%
Magic:  18/18      EV: 20    Int: 12    God:    Makhleb [****..]
Gold:   255        SH:  0    Dex: 21    Spells: 8/8 levels left

rFire   . . .        a - +0 short sword
rCold   . . .        (no shield)
rNeg    . . .        p - +1 robe
rPois   .            (helmet restricted)
rElec   .            q - +0 cloak
rCorr   .            (gloves unavailable)
SInv    +            (boots unavailable)
Will    +....        d - amulet of regeneration
Stlth   ++           (no ring)
HPRegen 1.07/turn    (no ring)
MPRegen 0.16/turn

%: no passive effects
@: studying Staves, very quick
A: very small, no large weapons, unfitting armour, see invisible, speed 3
a: Renounce Religion, Minor Destruction, Lesser Servant of Makhleb, Major
Destruction


You were on level 6 of the Dungeon.
You worshipped Makhleb.
Makhleb was greatly pleased with you.
You visited 2 branches of the dungeon, and saw 7 of its levels.

You collected 255 gold pieces.

Inventory:

Hand Weapons
 a - a +0 short sword (weapon)
Armour
 p - a +1 robe (worn)
 q - a +0 cloak (worn)
Jewellery
 d - an amulet of regeneration (around neck)
Wands
 m - a wand of polymorph (11)
Scrolls
 e - 2 scrolls of poison {unknown}
 j - a scroll of revelation {unknown}
 k - 9 scrolls of identify {unknown}
 l - 3 scrolls of vulnerability {unknown}
 o - 2 scrolls of teleportation {unknown}
 r - 2 scrolls of brand weapon {unknown}
 t - a scroll of immolation {unknown}
 u - a scroll of enchant weapon {unknown}
 v - a scroll of enchant armour {unknown}
Potions
 b - 4 potions of cancellation {unknown}
 c - a potion of ambrosia
 f - 4 potions of curing {unknown}
 g - 4 potions of lignification {unknown}
 h - a potion of heal wounds {unknown}
 i - a potion of haste {unknown}
 n - 3 potions of enlightenment {unknown}
 s - a potion of attraction {unknown}


   Skills:
 + Level 4.1 Fighting
 - Level 3.2 Short Blades
 - Level 4.8 Dodging
 * Level 11.1 Invocations


You had 8 spell levels left.
You didn't know any spells.
Your spell library contained the following spells:

 Spells                   Type           Power      Damage    Failure   Level
 Lesser Beckoning         Tloc           0%         N/A       45%         2
 Dazzling Flash           Conj/Hex       0%         N/A       69%         3
 Gell's Gravitas          Tloc           0%         N/A       69%         3
 Teleport Other           Tloc           0%         N/A       69%         3
 Volatile Blastmotes      Fire/Tloc      0%         2d10      69%         3
 Starburst                Conj/Fire      0%         6d3       100%        6
 Maxwell's Capacitive Co  Air            0%         ∞         100%        8


Dungeon Overview and Level Annotations

Branches:
Dungeon (6/15)             Temple (1/1) D:6

Altars:
Elyvilon
Fedhas
Makhleb
Nemelex Xobeh
Qazlal
Trog
Vehumet
Wu Jian
Yredelemnul
Zin
The Shining One

Annotations:
D:5 3 runed translucent doors, Gangsterbeez's ghost, amateur MiFi
D:6 2 transporters, xianbchi's ghost, novice DsNe


Innate Abilities, Weirdness & Mutations

You are very small and have problems with some larger weapons.
You are too small for most types of armour.
You have supernaturally acute eyesight. (SInv)
You cover ground extremely quickly. (Speed+++)


Message History

You now have 255 gold pieces (gained 15).
e - 2 scrolls labelled LYUKHE UNENA (gained 1)
There is a stone staircase leading down here.
A steam dragon comes into view.
Aiming: Minor Destruction (0% risk of failure)
Press: ? - help, Shift-Dir - straight line, f - steam dragon
Aim: a steam dragon (asleep)
The zap hits the steam dragon!
The steam dragon is moderately wounded.
The steam dragon hisses angrily.
Aiming: Minor Destruction (0% risk of failure)
Press: ? - help, Shift-Dir - straight line, f/p - steam dragon
Aim: a steam dragon (moderately wounded)
The stone arrow hits the steam dragon!
The steam dragon is severely wounded.
Aiming: Minor Destruction (0% risk of failure)
Press: ? - help, Shift-Dir - straight line, f/p - steam dragon
Aim: a steam dragon (severely wounded)
The stone arrow hits the steam dragon!
You kill the steam dragon!
Makhleb accepts your kill.
There is a stone staircase leading down here.
You see here a howler monkey corpse.
There is a stone staircase leading up here.
There is an escape hatch in the floor here.
o - 2 scrolls labelled VODEMOMEBAM (gained 1)
You see here a +0 flail.
Things that are here:
an amulet of reflection; an amulet of the acrobat
There is a stone staircase leading up here.
You see here a howler monkey skeleton.
Partly explored, unvisited transporter and can't reach some items.
Partly explored, unvisited transporter and can't reach some items.
You open the door.
There is an open door here.
You are engulfed in freezing vapours.
You are engulfed in freezing vapours.
You are engulfed in freezing vapours.
You are engulfed in freezing vapours.
You die...

#.#...##.#######......#g^^.
#.#...##.#######......#g..#
#.#...##.#.#$####....##..©#
#.#...##.'.#$## #...##g#..#
#.#......#.#$## #...#..#:..
#.#......#○#$## #..##..#^##
#.#.####.#○#$## #..#$...###
#.#.# #.#○#○## #..#.###...
#.#.####.#@#○## #..###.##|#
#.#......#○#○####.......###
#.#####..#○#○###......(..©.
#.# #..#○#○###...........
#.# #..#○#○###..........#
#.# #..#○#○###########...
#.# #..#○#○## #### #.#
#..#○#○## # #.########☼#○##
#


There were no monsters in sight!

Vanquished Creatures
  Grinder (D:3)
  Sigmund (D:4)
  A steam dragon (D:6)
  Edmund (D:4)
  An ice beast (D:6)
  2 black bears
  A phantom (D:6)
  2 scorpions
  3 killer bees (D:5)
  A howler monkey (D:6)
  A bombardier beetle (D:5)
  2 hounds
  4 jellies
  A sleepcap (D:6)
  Natasha (thrice) (D:3)
  4 iguanas
  2 orc wizards (D:5)
  A mummy (D:5)
  9 adders
  3 gnolls (D:6)
  2 white imps
  2 ufetubi (D:6)
  A dart slug (D:3)
  3 ribbon worms
  3 orcs (D:5)
  8 ball pythons
  12 endoplasms
  6 giant cockroaches
  9 goblins
  8 hobgoblins
  7 jackals
  4 quokkas
  7 bats
  2 frilled lizards (D:1)
  5 kobolds
  A rat (D:3)
124 creatures vanquished.

Vanquished Creatures (collateral kills)
  2 centaurs (D:4)
2 creatures vanquished.

Grand Total: 126 creatures vanquished

Notes
Turn   | Place    | Note
-------+----------+-------------------------------------------
     0 | D:1      | Bravepunisher the Spriggan Monk began the quest for the
                  | Orb.
     0 | D:1      | Reached XP level 1. HP: 11/11 MP: 2/2
   177 | D:3      | Noticed Natasha
   193 | D:4      | Noticed Edmund
   210 | D:4      | Reached XP level 2. HP: 14/16 MP: 3/3
   268 | D:5      | Entered Level 5 of the Dungeon
   268 | D:5      | Noticed a scorpion
   270 | D:5      | Noticed a killer bee
   280 | D:5      | Noticed a black bear
   293 | D:5      | Noticed a bombardier beetle
   318 | D:4      | Found a burning altar of Makhleb.
   323 | D:4      | Became a worshipper of Makhleb the Destroyer
   323 | D:4      | Reached * piety under Makhleb
   323 | D:4      | Reached ** piety under Makhleb
   415 | D:1      | Reached XP level 3. HP: 19/19 MP: 4/4
   461 | D:1      | Reached skill level 1 in Invocations
   626 | D:1      | Reached skill level 2 in Invocations
   636 | D:1      | Reached XP level 4. HP: 24/24 MP: 6/6
  1161 | D:2      | Found a faded altar of an unknown god.
  1237 | D:2      | Reached *** piety under Makhleb
  1375 | D:2      | Reached skill level 3 in Invocations
  1545 | D:2      | Reached XP level 5. HP: 28/28 MP: 8/8
  1847 | D:3      | Killed Natasha
  1848 | D:3      | Reached skill level 4 in Invocations
  1872 | D:3      | Noticed Grinder
  1887 | D:3      | Killed Grinder
  1888 | D:3      | Reached skill level 5 in Invocations
  1888 | D:3      | Reached XP level 6. HP: 22/32 MP: 9/11
  2008 | D:3      | Noticed Natasha
  2011 | D:3      | Killed Natasha
  2012 | D:3      | Reached skill level 6 in Invocations
  2062 | D:3      | Noticed Natasha
  2069 | D:3      | Killed Natasha
  2180 | D:4      | Noticed Sigmund
  2185 | D:4      | Reached XP level 7. HP: 22/36 MP: 12/12
  2190 | D:4      | Reached skill level 7 in Invocations
  2191 | D:4      | Killed Sigmund
  2302 | D:4      | Killed Edmund
  2303 | D:4      | Reached skill level 8 in Invocations
  2358 | D:4      | Found a stormy altar of Qazlal.
  2448 | D:4      | Reached **** piety under Makhleb
  2721 | D:5      | Reached XP level 8. HP: 40/40 MP: 15/15
  2729 | D:5      | Reached skill level 9 in Invocations
  2748 | D:5      | Found a runed translucent gate.
  2749 | D:5      | Found a runed translucent gate.
  2753 | D:5      | Found a runed translucent gate.
  2755 | D:5      | Noticed Gangsterbeez's ghost (amateur MiFi)
  3282 | D:6      | Reached skill level 10 in Invocations
  3524 | D:6      | Found a transporter.
  3525 | D:6      | Noticed a hellwing
  3526 | D:6      | Found a transporter.
  3584 | D:6      | Found a staircase to the Ecumenical Temple.
  3590 | Temple   | Entered the Ecumenical Temple
  3642 | D:6      | Noticed xianbchi's ghost (novice DsNe)
  3825 | D:6      | Reached XP level 9. HP: 45/45 MP: 18/18
  3854 | D:6      | Reached skill level 11 in Invocations
  4309 | D:6      | Engulfed by a cloud of freezing vapour

Illustrated notes

Levels and vault maps discovered:
D:1:      beargit_arrival_greenhouse, layout_basic, minivault_27
D:2:      layout_basic, hellmonk_ecumenical_altar_heavens_door
D:3:      layout_rooms, minmay_misc_feat_hallway, uniq_natasha, uniq_grinder
D:4:      minmay_spotlight, layout_basic, mainiacjoe_overflow_cross_hatched,
          kennysheep_little_box, minmay_manual_mares, uniq_sigmund, uniq_edmund
D:5:      layout_rooms, gammafunk_ghost_nasty_kobolds,
          gup_ossuary_entry_pyramid, st_stairs_1
D:6:      lemuel_ice_spiral_2, layout_basic,
          minmay_temple_entry_enclosed_plants, gammafunk_ghost_abyssal_escape,
          sigmund_army
Temple:   nicolae_temple_ecumenical_triangle

Skill      XL: |  1  2  3  4  5  6  7  8  9 |
---------------+----------------------------+-----
Invocations    | 2 3 5 6 8 10 11 | 11.1
Fighting       | 3 4 |  4.1
Short Blades   | |  3.2
Dodging        | |  4.8

Action                     |  1- 3 |  4- 6 |  7- 9 || total
---------------------------+-------+-------+-------++-------
  Melee: Short sword       |    33 |     4 |    15 ||    52
 Invoke: Minor Destruction |    51 |    92 |   151 ||   294
         Lesser Servant of |       |     1 |       ||     1
   Stab: Sleeping          |     1 |       |       ||     1
 Armour: Robe              |     6 |     8 |    19 ||    33
  Dodge: Dodged            |    36 |    26 |    51 ||   113

Table legend: (Time is in decaauts)
 A = Elapsed time spent in this place.
 B = Non-inter-level travel time spent in this place.
 C = Inter-level travel time spent in this place.
 D = Time resting spent in this place.
 E = Time spent auto-exploring this place.
 F = Levels seen in this place.
 G = Mean time per level.
                   A        B        C        D        E       F      G
               +--------+--------+--------+--------+--------+-----+--------+
         Total |   2846 |   2756 |     90 |     29 |   1946 |   7 |  406.6 |
       Dungeon |   2842 |   2752 |     90 |     29 |   1946 |   6 |  473.7 |
        Temple |      4 |      4 |      0 |      0 |      0 |   1 |    4.0 |
               +--------+--------+--------+--------+--------+-----+--------+

Top non-repeatable levels by time:
     D:6: 667 daAuts
     D:2: 551 daAuts
     D:1: 490 daAuts
     D:4: 434 daAuts
     D:5: 417 daAuts
     D:3: 279 daAuts
  Temple: 4 daAuts
